 Dungeon Crawl Stone Soup version 0.21-a0-94-gdd6ab6a (webtiles) character file.

1468 4thArraOfDagon the Ruffian (level 8, -15/79 (80) HPs)
             Began as a Troll Wanderer on July 3, 2017.
             Was a Believer of Wu Jian.
             Demolished by a two-headed ogre
             ... wielding a +0 giant club
              (36 damage)
             ... on level 8 of the Dungeon.
             The game lasted 00:12:02 (2146 turns).

4thArraOfDagon the Ruffian (Troll Wanderer)         Turns: 2146, Time: 00:12:02

HP:   -15/79 (80)   AC:  5    Str: 21    XL:     8   Next: 48%
MP:   7/7           EV: 10    Int:  8    God:    Wu Jian [**....]
Gold: 100           SH:  0    Dex: 11    Spells: 7/7 levels left

rFire    . . .     SeeInvis +     - Unarmed
rCold    + . .     Gourm    +   (no shield)
rNeg     . . .     Faith    .   c - +0 robe
rPois    .         Spirit   .   (helmet restricted)
rElec    .         Reflect  .   (no cloak)
rCorr    .         Harm     .   (gloves unavailable)
MR       .....                  (boots unavailable)
Stlth    +.........             F - amulet of regeneration
HPRegen  1.03/turn              m - ring of protection from cold
MPRegen  0.10/turn              G - ring of see invisible

@: no status effects
A: unfitting armour, claws 3, fast metabolism 3, gourmand, regeneration 1,
shaggy fur 1, tough skin 2
a: Renounce Religion


You were on level 8 of the Dungeon.
You worshipped Wu Jian.
Wu Jian was pleased with you.
You were very full.

You visited 2 branches of the dungeon, and saw 10 of its levels.
You also visited: Sewer.

You collected 164 gold pieces.
You spent 64 gold pieces at shops.

Inventory:

Hand Weapons
 a - a +2 hand crossbow
Missiles
 b - 24 bolts
Armour
 c - a +0 robe (worn)
 r - a +0 shield
 E - a +0 large shield
Jewellery
 m - a ring of protection from cold (left claw)
 t - an uncursed ring of flight
 v - a +3 amulet of reflection {unknown}
 y - an uncursed ring of protection from cold
 F - an amulet of regeneration (around neck)
 G - a ring of see invisible (right claw)
Wands
 D - a wand of flame (16/48)
 K - a wand of flame (27/48)
Scrolls
 e - 4 scrolls of teleportation
 i - a scroll of immolation {unknown}
 j - 3 scrolls of remove curse {unknown}
 l - 3 scrolls of random uselessness {unknown}
 o - 2 scrolls of fog {unknown}
 q - a scroll of fear {unknown}
 u - 2 scrolls of identify
 B - a scroll of recharging {unknown}
 C - a scroll of blinking {unknown}
 H - a scroll of torment {unknown}
 J - a scroll of amnesia {unknown}
Potions
 d - a potion of invisibility {unknown}
 g - 3 potions of heal wounds
 n - a potion of cancellation
 p - a potion of degeneration {unknown}
 s - a potion of ambrosia {unknown}
 w - a potion of flight {unknown}
 x - a potion of resistance {unknown}
 z - 4 potions of might {unknown}
 A - a potion of curing
 I - a potion of brilliance {unknown}
Comestibles
 f - 10 bread rations
 h - a royal jelly
 k - 4 meat rations


   Skills:
 + Level 5.1 Fighting
 - Level 2.0 Crossbows
 - Level 1.0 Throwing
 - Level 1.5 Dodging
 - Level 1.0 Stealth
 + Level 3.3 Shields
 * Level 7.8 Unarmed Combat


You had 7 spell levels left.
You didn't know any spells.

Dungeon Overview and Level Annotations

Branches:
Dungeon (9/15)             Temple (1/1) D:4
   Lair: D:8-11         Orc: D:9-12

Altars:
Makhleb
Ru
Sif Muna
Trog
Uskayaw
Vehumet
Wu Jian
Xom
Yredelemnul
Zin

Shops:
D:4 *

Annotations:
D:5 Dowan
D:8 4thArraOfDagon's ghost, novice TrWn


Innate Abilities, Weirdness & Mutations

You are too large for most types of armour.
You have claws for hands.
Your metabolism is lightning-fast.
You like to eat raw meat.
Your natural rate of healing is unusually fast.
You are covered in fur. (AC +1)
You have very tough skin. (AC +2)


Message History

The two-headed ogre is severely wounded.
You scratch the two-headed ogre.
The two-headed ogre is severely wounded.
The two-headed ogre barely misses you. The two-headed ogre closely misses you.
You claw the two-headed ogre!
The two-headed ogre is almost dead.
The two-headed ogre hits you with a giant club!
The two-headed ogre barely misses you.
You scratch the two-headed ogre.
The two-headed ogre is almost dead.
You barely miss the two-headed ogre.
The two-headed ogre is almost dead.
The two-headed ogre hits you with a giant club!!
* * * LOW HITPOINT WARNING * * *
The two-headed ogre barely misses you.
Unknown command.
You scratch the two-headed ogre.
The two-headed ogre is almost dead.
The two-headed ogre hits you with a giant club!!!
You die...

##### #...#####
#.......# #...# #.#
######.####.######
.................#
............####.#
#..#######..####@#####
#..# ##.....O.....#
#..# #..#.รท##.###.#
#..# ##...###.# #.
...# #.....##.# #.
#.#######.#.#.##.# #.
#........[....##.# #.
### ..#######.#.#.##.#
#. #.. ### #.....##.#
#.##########.#


You could see a two-headed ogre.

Vanquished Creatures
  A spriggan (D:7)
  The ghost of grindst0ne the Sneak, an amateur MfAs of Dithmenos (D:3)
  An ice beast (D:5)
  A necrophage (D:8)
  A black bear (D:9)
  2 centaurs (D:7)
  A crocodile (Sewer)
  A bullfrog (D:5)
  A water moccasin skeleton (D:7)
  A scorpion (D:5)
  2 crimson imps (D:7)
  2 jellies
  A hound (D:8)
  2 orc priests
  2 centaur skeletons
  Jessica (D:2)
  3 orc wizards
  A worker ant (D:8)
  6 adders
  A shadow imp (D:7)
  A worm (D:4)
  A dart slug (D:2)
  15 orcs
  2 giant cockroaches
  3 goblins
  2 hobgoblins
  2 jackals (Sewer)
  7 kobolds
  2 quokkas (D:3)
  A ball python (D:2)
  2 bats (D:3)
  2 frilled lizards (D:1)
  A quokka skeleton (D:4)
  3 rats
76 creatures vanquished.

Notes
Turn   | Place    | Note
-------+----------+-------------------------------------------
     0 | D:1      | 4thArraOfDagon the Troll Wanderer began the quest for the Orb.
     0 | D:1      | 4thArraOfDagon set off with: a +2 hand crossbow, 24 bolts, a +0 robe, a potion of curing, 2 bread rations
     0 | D:1      | Reached XP level 1. HP: 22/22 MP: 0/0
   138 | D:3      | Noticed grindst0ne's ghost (amateur MfAs)
   160 | D:4      | Reached skill level 1 in Unarmed Combat
   207 | D:4      | Found a staircase to the Ecumenical Temple.
   213 | Temple   | Entered the Ecumenical Temple
   250 | Temple   | Became a worshipper of the Wu Jian Council
   324 | D:2      | Reached XP level 2. HP: 26/29 MP: 1/1
   447 | D:2      | Noticed Jessica
   453 | D:2      | Killed Jessica
   453 | D:2      | Reached skill level 2 in Unarmed Combat
   453 | D:2      | Reached XP level 3. HP: 30/36 MP: 2/2
   703 | D:3      | Killed grindst0ne's ghost
   703 | D:3      | Reached skill level 4 in Unarmed Combat
   703 | D:3      | Reached XP level 4. HP: 20/45 MP: 3/3
   703 | D:3      | Reached XP level 5. HP: 24/53 MP: 4/4
   974 | D:3      | Reached * piety under Wu Jian
  1086 | D:4      | Found Timuucr Ylokh's Assorted Antiques.
  1089 | D:4      | Bought an inky potion for 21 gold pieces
  1089 | D:4      | Bought 2 metallic amethyst potions for 43 gold pieces
  1131 | D:4      | Reached XP level 6. HP: 55/62 MP: 5/5
  1176 | D:4      | Found a glowing silver altar of Zin.
  1276 | D:5      | Entered Level 5 of the Dungeon
  1320 | D:5      | Reached skill level 5 in Unarmed Combat
  1373 | D:5      | Reached skill level 1 in Shields
  1423 | D:5      | Found a glowing drain.
  1442 | Sewer    | Entered a sewer
  1498 | Sewer    | Reached XP level 7. HP: 35/70 MP: 6/6
  1566 | D:5      | Noticed Dowan
  1645 | D:5      | Reached skill level 6 in Unarmed Combat
  1712 | D:7      | Noticed a spriggan baker
  1720 | D:7      | Killed a spriggan baker
  1747 | D:7      | Reached ** piety under Wu Jian
  1823 | D:8      | Noticed 4thArraOfDagon's ghost (novice TrWn)
  1833 | D:7      | Reached skill level 7 in Unarmed Combat
  1833 | D:7      | Reached XP level 8. HP: 45/79 MP: 7/7
  1905 | D:8      | Noticed a two-headed ogre
  1923 | D:9      | Reached skill level 5 in Fighting
  2146 | D:8      | Demolished by a two-headed ogre

Vault maps used:
D:1:      dpeg_chamrin_arrival_tetris
D:2:      lemuel_crystal_altar, minmay_surrounded, uniq_terence, uniq_jessica
D:3:      nemelex_xobeh_ov_fountains_minmay, okawaru_altar_gauntlet_db,
          first_bread
D:4:      nicolae_overflow_hidden_temple, minmay_temple_entry_hall,
          serial_shops, kennysheep_mini_moat, minmay_crystal_water
D:5:      kennysheep_vampire_church, cheibrodos_sewer_entry_drain,
          nicolae_ru_the_path_less_chosen, uniq_grinder, uniq_duvessa
D:6:      lemuel_round_altar, tso_oasis_becter,
          chequers_temple_overflow_statue_of_worship,
          minmay_a_box_with_orc_wizards_in_it
D:7:      overflow_temple_1_default, the_bakery, nicolae_sextant, uniq_pikel
D:8:      st_stairs_13, jmf_multi_god_temple
D:9:      fedhas_bush_and_centaur_altar
Temple:   compressed_dpeg_triangle_lava_temple
Sewer:    sewer_the_crocodile

Skill      XL: |  1  2  3  4  5  6  7  8 |
---------------+-------------------------+-----
Unarmed Combat | 1 2 4 5 7 |  7.8
Fighting       | 3 4 5 |  5.1
Shields        | 1 2 3 |  3.3
Crossbows      | |  2.0
Throwing       | |  1.0
Dodging        | |  1.5
Stealth        | |  1.0

Action                   |  1- 3 |  4- 6 |  7- 9 || total
-------------------------+-------+-------+-------++-------
Melee: Unarmed           |    64 |   120 |    90 ||   274
       Punch             |     1 |     2 |     2 ||     5
Evoke: Wand              |       |       |     1 ||     1
  Use: Potion            |       |     3 |       ||     3
       Scroll            |       |     1 |     2 ||     3
 Stab: Sleeping          |     1 |       |       ||     1
  Eat: Chunk             |    10 |     9 |     5 ||    24
Armor: Robe              |    13 |    32 |    14 ||    59
       Skin              |       |     4 |       ||     4
Dodge: Dodged            |    22 |    52 |    39 ||   113
